 Seeded DCSS version 0.30.1-4-g462c640d31 (webtiles) character file.

Game seed: 6351066067085065685 (custom seed)

25 Esekla the Grave Robber (level 2, -2/15 HPs)
             Began as a Deep Elf Necromancer on Aug 22, 2023.
             Was an Initiate of Vehumet.
             Slain by a gnoll
             ... wielding a +0 flail
              (7 damage)
             ... on level 2 of the Dungeon.
             The game lasted 00:09:51 (1119 turns).

Esekla the Grave Robber (Deep Elf Necromancer)      Turns: 1119, Time: 00:09:52

Health: -2/15      AC:  4    Str:  5    XL:     2   Next: 82%
Magic:  8/8        EV: 13    Int: 19    God:    Vehumet [......]
Gold:   119        SH:  0    Dex: 18    Spells: 7/8 levels left

rFire   . . .        o - +5 rapier of the Hero {heavy, rN+ Dex+3}
rCold   . . .        (no shield)
rNeg    + . .        a - +0 robe
rPois   .            i - +0 helmet
rElec   .            (no cloak)
rCorr   .            k - +0 pair of gloves
SInv    .            (no boots)
Will    .....        (no amulet)
Stlth   ++           (no ring)
HPRegen 0.22/turn    (no ring)
MPRegen 0.11/turn

%: no passive effects
@: attractive
A: no striking features
a: Renounce Religion


You were on level 2 of the Dungeon.
You worshipped Vehumet.
Vehumet was noncommittal.
You visited 1 branch of the dungeon, and saw 4 of its levels.

You collected 119 gold pieces.

Inventory:

Hand Weapons
 o - the +5 rapier of the Hero (weapon) {heavy, rN+ Dex+3}
   (You found it on level 3 of the Dungeon)

   Dex:       It affects your dexterity (+3).
   rN:        It protects you from negative energy.
Armour
 a - a +0 robe (worn)
 i - a +0 helmet (worn)
 k - a +0 pair of gloves (worn)
Wands
 p - a wand of roots (3)
Scrolls
 c - a scroll of blinking {unknown}
 f - a scroll of identify {unknown}
 l - a scroll of amnesia {unknown}
 m - a scroll of enchant armour {unknown}
 n - a scroll of immolation {unknown}
Potions
 b - a potion of magic
 d - a potion of ambrosia {unknown}
 e - a potion of attraction
 g - a potion of haste {unknown}
 h - a potion of mutation {unknown}
 j - a potion of curing {unknown}


   Skills:
 + Level 0.2 Short Blades
 * Level 2.9 Dodging
 + Level 2.7 Stealth
 * Level 3.5 Spellcasting
 + Level 5.2 Necromancy


You had 7 spell levels left.
You knew the following spells:

 Your Spells              Type           Power      Damage    Failure   Level
a - Necrotise             Necr           92%        1d8       1%          1

Your spell library contained the following spells:

 Spells                   Type           Power      Damage    Failure   Level
 Vampiric Draining        Necr           23%        2d7       4%          3
 Animate Dead             Necr           23%        N/A       17%         4
 Agony                    Necr           23%        N/A       43%         5


Dungeon Overview and Level Annotations

Branches:
Dungeon (4/15)
 Temple: D:4-7

Altars:
Okawaru
Vehumet
Zin

Shops:
D:2 =


Message History

You see here an adder corpse.
You now have 113 gold pieces (gained 10).
You see here a frilled lizard corpse.
The goblin shouts!
The goblin zaps a wand.
The roots erupt in riotous growth!
The grasping roots grab you! The grasping roots constrict you.
You hear a shout!
You escape the roots grasp.
The goblin zaps a wand.
The roots erupt in riotous growth!
The grasping roots grab you! The grasping roots constrict you.
You escape the roots grasp.
The goblin barely misses you.
You closely miss the goblin. The goblin hits you with a +0 dagger.
The goblin zaps a wand.
The roots erupt in riotous growth!
The grasping roots grab you!
The goblin is unaffected.
The grasping roots constrict you.
You hear a shout! x2
You puncture the goblin!
You kill the goblin!
Vehumet accepts your kill.
p - a wand of roots (3)
You now have 119 gold pieces (gained 6).
Things that are here:
a +0 dagger; a +0 leather armour; a goblin corpse A gnoll comes into view.
It is wielding a +0 flail.
The gnoll shouts!
A gnoll comes into view. It is wielding a +0 club.
The gnoll misses you. The gnoll attacks as you move away!
The gnoll completely misses you.
Okay, then.
Okay, then.
Okay, then.
You barely miss the gnoll. The gnoll barely misses you.
The gnoll hits you with a +0 flail!
Ouch! That really hurt!
It was a potion of attraction.
You feel attractive to monsters. The gnoll hits you with a +0 flail!
You die...

#.........####..####.
#....................
##.#####.............
#.#####.####).######
#.............#
#######.####..# #.#
...# #######.# ....#
# #gg@....# ##^#... .
#.####### #.#..## #
#.# #.#..# #g# .# .#
#.# #.. ###


You could see 2 gnolls.

Vanquished Creatures
  An adder (D:2)
  A dart slug (D:3)
  An endoplasm (D:3)
  3 goblins
  2 hobgoblins (D:3)
  A ball python (D:3)
  2 bats (D:3)
  2 frilled lizards
  2 kobolds
15 creatures vanquished.

Notes
Turn   | Place    | Note
-------+----------+-------------------------------------------
     0 | D:1      | Esekla the Deep Elf Necromancer began the quest for the
                  | Orb.
     0 | D:1      | Reached XP level 1. HP: 10/10 MP: 6/6
   215 | D:2      | Found Renulab's Jewellery Shop.
   384 | D:4      | Found a glowing silver altar of Zin.
   396 | D:4      | Found an iron altar of Okawaru.
   407 | D:4      | Found a radiant altar of Vehumet.
   415 | D:4      | Became a worshipper of Vehumet
   566 | D:3      | Reached skill level 5 in Necromancy
   664 | D:3      | Reached XP level 2. HP: 3/15 MP: 8/8
   996 | D:3      | Identified the +5 rapier of the Hero {heavy, rN+ Dex+3}
  1119 | D:2      | Slain by a gnoll

Illustrated notes

Levels and vault maps discovered:
D:1:      sevenhm_arrival_forest_fort_small_3, layout_rooms,
          chequers_serial_rivers_room_b, minmay_misc_feat_five
D:2:      layout_loops_ring, dreamdust_ecumenical_altar_angels_and_demons,
          serial_shops, shop
D:3:      layout_basic, grunt_temple_overflow_open, minmay_misc_feat_iff
D:4:      layout_basic, nicolae_overflow_quartered_altars, serial_shops,
          nicolae_diamond_shop

Skill      XL: |  1 |
---------------+----+-----
Necromancy     | 5 |  5.2
Short Blades   | |  0.2
Dodging        | |  2.9
Stealth        | |  2.7
Spellcasting   | |  3.5

Action                     || total
---------------------------++-------
  Melee: Short sword       ||    42
         Unarmed           ||     9
         Rapier            ||    12
    Use: Scroll            ||     1
         Potion            ||     1
   Stab: Sleeping          ||     2
         Distracted        ||     1
 Armour: Robe              ||    20
  Dodge: Dodged            ||    38
